 Dungeon Crawl Stone Soup version 0.22-a0-274-gf8199ec (webtiles) character file.

107 StormFighter the Chopper (level 4, -3/26 HPs)
             Began as a Gargoyle Gladiator on Nov 16, 2017.
             Slain by Natasha (5 damage)
             ... on level 2 of the Dungeon on Mar 14, 2018.
             The game lasted 00:03:35 (1590 turns).

StormFighter the Chopper (Gargoyle Gladiator)       Turns: 1590, Time: 00:03:37

Health: -3/26      AC: 12    Str: 19    XL:     4   Next: 86%
Magic:  4/4        EV:  8    Int:  8    God:
Gold:   100        SH:  2    Dex: 11    Spells: 3/3 levels left

rFire    . . .     SeeInvis .   a - +0 war axe
rCold    . . .     Gourm    .   (no shield)
rNeg     + . .     Faith    .   n - +0 chain mail
rPois    ∞         Spirit   .   c - +0 helmet
rElec    +         Reflect  +   (no cloak)
rCorr    .         Harm     .   (no gloves)
MR       .....                  (no boots)
Stlth    ..........             o - +2 amulet of reflection
HPRegen  0.08/turn              r - ring of stealth
MPRegen  0.09/turn              (no ring)

@: slowed, very slow
A: negative energy resistance 1, electricity resistance, unbreathing,
petrification resistance, rot immunity, AC +3
a: no special abilities


You were on level 2 of the Dungeon.
You were not hungry.

You visited 1 branch of the dungeon, and saw 2 of its levels.

You collected 100 gold pieces.

Inventory:

Hand Weapons
 a - a +0 war axe (weapon)
Missiles
 d - 3 throwing nets (quivered)
Armour
 c - a +0 helmet (worn)
 n - a +0 chain mail (worn)
Jewellery
 o - a +2 amulet of reflection (around neck)
 r - a ring of stealth (left hand)
Scrolls
 b - a scroll of remove curse {unknown}
 e - a scroll of teleportation {unknown}
 g - a scroll of immolation {unknown}
 k - a scroll of fog {unknown}
 l - a scroll of removedness
 p - a scroll of enchant weapon {unknown}
 q - 2 scrolls of identify {unknown}
 s - a scroll of enchant armour {unknown}
Potions
 i - a potion of lignification {unknown}
 j - a potion of flight {unknown}
 m - a potion of curing {unknown}
Comestibles
 f - 3 rations
 h - a ration


   Skills:
 - Level 2.1 Fighting
 + Level 4.9 Axes
 - Level 1.7 Throwing
 - Level 2.4 Dodging


You had 3 spell levels left.
You didn't know any spells.

Dungeon Overview and Level Annotations

Branches:
Dungeon (2/15)

Altars:

Annotations:
D:2 Natasha


Innate Abilities, Weirdness & Mutations

You are resistant to torment.
Your stone body is resilient. (AC +3)
You are immune to poison.
You resist negative energy. (rN+)
You are resistant to electric shocks. (rElec)
You can survive without breathing.
You are immune to petrification.
You are immune to rotting.


Message History

Natasha stares at you and mumbles some strange words.
You feel yourself slow down.
You hit Natasha but do no damage.
Natasha is severely wounded.
Natasha claws you.
* * * LOW HITPOINT WARNING * * *
Natasha claws you but does no damage.
You closely miss Natasha.
Natasha is severely wounded.
Natasha claws you but does no damage. Natasha claws you.
* * * LOW HITPOINT WARNING * * *
You barely miss Natasha.
Natasha is severely wounded.
Natasha claws you.
* * * LOW HITPOINT WARNING * * *
You block Natasha's attack.
You hit Natasha but do no damage.
Natasha is severely wounded.
Natasha barely misses you. Natasha claws you.
You die...

###
#.##########
#5.§..5.h..#
#h########§#
#@# #.# #.# #.#
##.## #.# #...#
#5# #...#
#####5## #...#
#......#
###########...#
#......#
#.........#...#
#......######
#.#######.#...#
#............


You could see Natasha and a shadow imp.

Vanquished Creatures
  Natasha (twice) (D:2)
  An adder (D:2)
  An ooze (D:1)
  A worm (D:2)
  A dart slug (D:2)
  2 leopard geckos (D:1)
  8 bats
  4 giant cockroaches
  4 goblins
  3 hobgoblins (D:1)
  4 frilled lizards (D:1)
  4 kobolds
35 creatures vanquished.

Notes
Turn   | Place    | Note
-------+----------+-------------------------------------------
     0 | D:1      | StormFighter the Gargoyle Gladiator began the quest for the Orb.
     0 | D:1      | Reached XP level 1. HP: 12/12 MP: 1/1
    60 | D:1      | Reached skill level 3 in Axes
   306 | D:1      | Reached XP level 2. HP: 16/17 MP: 2/2
   777 | D:1      | Reached XP level 3. HP: 16/21 MP: 3/3
   966 | D:2      | Reached skill level 4 in Axes
  1483 | D:2      | Noticed Natasha
  1494 | D:2      | Killed Natasha
  1494 | D:2      | Reached XP level 4. HP: 15/26 MP: 4/4
  1527 | D:2      | Noticed Natasha
  1537 | D:2      | Killed Natasha
  1539 | D:2      | Upgraded the game from 0.21-a0-442-g848f44b to 0.22-a0-274-gf8199ec
  1552 | D:2      | Noticed Natasha
  1590 | D:2      | Slain by Natasha

Vault maps used:
D:1:      saegor_arrival_simple_c, corexii_hall_statues_t,
          minmay_misc_feat_alley, minmay_door_square
D:2:      serial_forest, infiniplex_forest_clump_cross,
          infiniplex_forest_straight_2, infiniplex_forest_clump_small,
          infiniplex_forest_clump_double, infiniplex_forest_straight_2,
          infiniplex_forest_clump_diagonal, infiniplex_forest_straight_2,
          infiniplex_forest_zigzag_1, uniq_natasha

Skill      XL: |  1  2  3 |
---------------+----------+-----
Axes           | 3 4 |  4.9
Fighting       | |  2.1
Throwing       | |  1.7
Dodging        | |  2.4

Action                   |  1- 3 |  4- 6 || total
-------------------------+-------+-------++-------
Melee: War axe           |   132 |    17 ||   149
  Eat: Chunk             |     2 |       ||     2
Armor: Leather armour    |    46 |       ||    46
       Chain mail        |    35 |     9 ||    44
Dodge: Dodged            |    92 |     5 ||    97
Block: Other             |     3 |     1 ||     4

Table legend:
 A = Spawn XP
 B = Non-spawn XP
 C = Spawn XP percentage of total XP
 D = Spawn monster count
 E = Non-spawn monster count
 F = Spawn count percentage of total count
 G = Total turns spent on level
                    A         B        C        D         E        F      G
               +---------+---------+-------+---------+---------+-------+---------
         Total |       0 |     154 |   0.0 |       0 |      35 |   0.0 |  1590
               +---------+---------+-------+---------+---------+-------+---------
           D:1 |       0 |      43 |   0.0 |       0 |      21 |   0.0 |   952
           D:2 |       0 |     111 |   0.0 |       0 |      14 |   0.0 |   638
               +---------+---------+-------+---------+---------+-------+---------
